 Dungeon Crawl Stone Soup version 0.27-a0-695-gb4952372f7 (webtiles) character file.

Game seed: 11751802279483649997

591 tilp the Fighter (level 7, 0/80 HPs)
             Began as an Ogre Warper on Mar 21, 2021.
             Slain by Edmund
             ... wielding a +0 dire flail of holy wrath
              (7 damage)
             ... on level 5 of the Dungeon.
             The game lasted 00:13:56 (6880 turns).

tilp the Fighter (Ogre Warper)                      Turns: 6880, Time: 00:13:57

Health: 0/80       AC:  3    Str: 16    XL:     7   Next: 39%
Magic:  2/10       EV:  1    Int: 16    God:
Gold:   45         SH:  0    Dex: -3 (8) Spells: 4/10 levels left

rFire    . . .     SeeInvis .   a - +0 mace
rCold    . . .     Faith    .   (no shield)
rNeg     . . .     Spirit   .   b - +0 robe
rPois    .         Reflect  .   (helmet restricted)
rElec    .         Harm     .   (no cloak)
rCorr    .         Rampage  .   (gloves unavailable)
Will     .....                  (boots unavailable)
Stlth    ..........             (no amulet)
HPRegen  0.23/turn              (no ring)
MPRegen  0.12/turn              (no ring)

@: slowed, lost dexterity, very slow
A: large, unfitting armour, tough skin 1
a: no special abilities


You were on level 5 of the Dungeon.
You visited 1 branch of the dungeon, and saw 5 of its levels.

You collected 122 gold pieces.
You spent 77 gold pieces at shops.

Inventory:

Hand Weapons
 a - a +0 mace (weapon)
Missiles
 i - 20 poisoned darts (quivered)
Armour
 b - a +0 robe (worn)
 k - a +0 kite shield
Jewellery
 j - a ring of fire
Scrolls
 g - 3 scrolls of identify
Potions
 h - a potion of mutation


   Skills:
 + Level 8.0 Fighting
 + Level 4.0 Maces & Flails
 - Level 1.0 Throwing
 - Level 2.1 Dodging
 - Level 2.4 Spellcasting
 - Level 4.0 Translocations


You had 4 spell levels left.
You knew the following spells:

 Your Spells              Type           Power      Damage    Failure   Level
a - Blink                 Tloc           N/A        N/A       6%          2
b - Teleport Other        Tloc           14%        N/A       12%         3
c - Corona                Hex            1%         N/A       21%         1

Your spell library contained the following spells:

 Spells                   Type           Power      Damage    Failure   Level
 Apportation              Tloc           28%        N/A       3%          1
 Gell's Gravitas          Tloc           7%         N/A       12%         3
 Lesser Beckoning         Tloc           7%         N/A       12%         3
 Animate Skeleton         Necr           2%         N/A       21%         1
 Summon Small Mammal      Summ           4%         N/A       21%         1
 Manifold Assault         Tloc           14%        N/A       36%         4


Dungeon Overview and Level Annotations

Branches:
Dungeon (5/15)
 Temple: D:4-7

Altars:
Xom

Shops:
D:4 ?

Annotations:
D:3 Grinder
D:4 Ijyb
D:5 Edmund


Innate Abilities, Weirdness & Mutations

You are too large for most types of armour.
You have tough skin. (AC +1)


Message History

Nothing appears to happen.
Edmund hits you with a +0 dire flail of holy wrath.
* * * LOW HITPOINT WARNING * * *
Okay, then.
Casting: Teleport Other (dangerous; 12% risk of failure)
Confirm with . or Enter, or press ? or * to list all spells.
You blink.
Casting: Blink (safe; 6% risk of failure)
Confirm with . or Enter, or press ? or * to list all spells.
Aiming: Teleport Other (dangerous; 12% risk of failure)
Press: ? - help, Shift-Dir - straight line, f/p - Edmund
Aim: Edmund, wielding a +0 dire flail of holy wrath, wearing a +0 leather armour and carrying a wand of random effects (20) (translocational energy, chance to affect: 50%) Edmund resists with significant effort.
Unknown command.
Casting: Teleport Other (dangerous; 12% risk of failure)
Confirm with . or Enter, or press ? or * to list all spells.
You blink.
Your magical contamination has completely faded away.
Items here: (( ) [ ††.
Blink to where?
Press: ? - help, Dir - move target, p - Edmund
As you read the scroll of blinking, it crumbles to dust.
Found 2 boomerangs.
You see here 2 boomerangs.
Edmund mutters, "Who needs spells, anyway?"
Okay, then.
As you read the scroll labelled OJINLI LONOUDE, it crumbles to dust.
You speak a Word of immense power!
It was a scroll of holy word.
As you read the scroll labelled FOER KULASU, it crumbles to dust.
You hear a loud clanging noise!
It was a scroll of noise.
Edmund hits you with a +0 dire flail of holy wrath.
* * * LOW HITPOINT WARNING * * *
Unknown command.
Edmund hits you with a +0 dire flail of holy wrath.
* * * LOW HITPOINT WARNING * * *
Edmund hits you with a +0 dire flail of holy wrath.
* * * LOW HITPOINT WARNING * * *
Edmund hits you with a +0 dire flail of holy wrath!
You die...

#.#
#..(.#
#.#
###...#
#.#
#@.##
#.# #..#
#.# #(.#
#(.#
#####..#
#.@.(..#
#@###..#
#.# #..#
#.# #..#
#.# #..#
#.# #..#
#.# #.##
#.. ..
###


You could see Edmund.

Vanquished Creatures
  2 ogres (D:4)
  A phantom (D:5)
  A howler monkey (D:5)
  A gnoll shaman (D:5)
  3 worker ants
  A hound skeleton (D:5)
  9 adders
  An ooze (D:1)
  3 adder skeletons (D:4)
  5 worms
  2 dart slugs
  3 leopard geckos
  4 orcs (D:5)
  7 bats
  3 giant cockroaches
  7 hobgoblins
  8 jackals
  2 quokkas
  A ball python (D:2)
  6 frilled lizards
  6 goblins
  A jackal skeleton (D:5)
  A jackal zombie (D:5)
  9 kobolds
  A quokka zombie (D:5)
  8 rats
96 creatures vanquished.

Notes
Turn   | Place    | Note
-------+----------+-------------------------------------------
     0 | D:1      | tilp the Ogre Warper began the quest for the Orb.
     0 | D:1      | Reached XP level 1. HP: 22/22 MP: 3/3
   229 | D:1      | Reached skill level 3 in Fighting
   231 | D:1      | Reached XP level 2. HP: 25/32 MP: 5/5
   425 | D:1      | Reached skill level 4 in Fighting
   540 | D:1      | Learned a level 2 spell: Blink
  1138 | D:2      | Reached XP level 3. HP: 34/39 MP: 6/6
  1142 | D:2      | Learned a level 3 spell: Teleport Other
  1841 | D:2      | Found a shimmering altar of Xom.
  2161 | D:2      | Reached XP level 4. HP: 8/48 MP: 7/7
  2772 | D:3      | Learned a level 1 spell: Corona
  3521 | D:3      | Reached XP level 5. HP: 43/55 MP: 8/8
  3883 | D:3      | Noticed Grinder
  4155 | D:3      | Paralysed by Grinder for 7 turns
  4219 | D:4      | Noticed Ijyb
  4221 | D:4      | Paralysed by Ijyb for 2 turns
  4251 | D:4      | Noticed an ogre
  4382 | D:4      | Found Notoo's Magic Scroll Boutique.
  4395 | D:4      | Bought a scroll of teleportation for 33 gold pieces
  4395 | D:4      | Bought a scroll of identify for 22 gold pieces
  4395 | D:4      | Bought a scroll of identify for 22 gold pieces
  4414 | D:4      | Reached skill level 5 in Fighting
  4444 | D:3      | HP: 2/57 [poisoned by an adder]
  4452 | D:3      | HP: 2/57 [poisoned by an adder]
  4935 | D:4      | Killed an ogre
  4936 | D:4      | Reached XP level 6. HP: 67/67 MP: 9/9
  5395 | D:4      | Reached skill level 6 in Fighting
  5785 | D:5      | Entered Level 5 of the Dungeon
  5919 | D:5      | Lost dexterity.
  5922 | D:5      | Noticed Edmund
  6097 | D:5      | Reached XP level 7. HP: 76/76 MP: 10/10
  6256 | D:5      | Reached skill level 7 in Fighting
  6784 | D:5      | Reached skill level 8 in Fighting
  6880 | D:5      | Slain by Edmund

Illustrated notes

Levels and vault maps discovered:
D:1:      dpeg_arrival_rooms_b, layout_basic
D:2:      layout_basic, xom_teletrap_fun
D:3:      layout_rooms, minivault_27, grunt_ministairs_4, uniq_grinder
D:4:      layout_cave_pools, serial_shops, shop, minmay_crystal_room, uniq_ijyb
D:5:      minmay_octagon_keep, layout_basic, uniq_crazy_yiuf_cottage,
          uniq_edmund, uniq_menkaure

Skill      XL: |  1  2  3  4  5  6  7 |
---------------+----------------------+-----
Fighting       | 3 4 5 6 8 |  8.0
Translocations | 3 4 |  4.0
Maces & Flails | 2 3 4 |  4.0
Throwing       | |  1.0
Dodging        | |  2.1
Spellcasting   | |  2.4

Action                   |  1- 3 |  4- 6 |  7- 9 || total
-------------------------+-------+-------+-------++-------
Melee: Mace              |   141 |   185 |    45 ||   371
Throw: Dart              |       |    59 |    14 ||    73
       Boomerang         |       |     5 |       ||     5
 Cast: Teleport Other    |     2 |    12 |     3 ||    17
       Blink             |       |     4 |     2 ||     6
       Corona            |       |     1 |       ||     1
Evoke: Wand              |       |     1 |     4 ||     5
  Use: Scroll            |       |     4 |     3 ||     7
       Potion            |       |     1 |       ||     1
Armor: Robe              |    43 |    93 |    40 ||   176
Dodge: Dodged            |    78 |   136 |     5 ||   219

Table legend: (Time is in decaauts)
 A = Elapsed time spent in this place.
 B = Non-inter-level travel time spent in this place.
 C = Inter-level travel time spent in this place.
 D = Time resting spent in this place.
 E = Time spent auto-exploring this place.
 F = Levels seen in this place.
 G = Mean time per level.
                   A        B        C        D        E       F      G
               +--------+--------+--------+--------+--------+-----+--------+
         Total |   7466 |   7165 |    301 |   2125 |   3773 |   5 | 1493.2 |
       Dungeon |   7466 |   7165 |    301 |   2125 |   3773 |   5 | 1493.2 |
               +--------+--------+--------+--------+--------+-----+--------+

Top non-repeatable levels by time:
     D:3: 1886 daAuts
     D:2: 1724 daAuts
     D:5: 1590 daAuts
     D:1: 1147 daAuts
     D:4: 1118 daAuts
